 Dungeon Sprint DCSS version 0.20-a0-640-g62ed22f (webtiles) character file.

0 esc the Skirmisher (level 2, 0/24 HPs)
             Began as a Demonspawn Fighter on Feb 12, 2017.
             Was an Initiate of Makhleb.
             Slain by an iguana (9 damage)
             ... in the Dungeon (Sprint VI: "Thunderdome").
             The game lasted 00:02:26 (118 turns).

esc the Skirmisher (Demonspawn Fighter)              Turns: 118, Time: 00:02:26

Health: 0/24       AC:  7    Str: 17    XL:     2   Next: 10%
Magic:  2/2        EV:  7    Int: 13    God:    Makhleb [......]
Gold:   65         SH:  9    Dex: 18    Spells: 1/1 levels left

rFire    . . .     SeeInvis .   a - +0 trident
rCold    + + +     Gourm    .   b - +0 scale mail
rNeg     . . .     Faith    +   c - +0 shield
rPois    .         Spirit   .   (no helmet)
rElec    +         Reflect  .   (no cloak)
rCorr    .         Harm     .   (no gloves)
MR       +....     NoTele   +   (no boots)
Stlth    +.........             p - amulet "Ynayr" {Faith *Drain +Blink rC+++ Str-4}
Regen    0.1/turn               q - ring of the Open Hand {rElec AC+1 Str+5 Dex+4}
MPRegen  0.1/turn               r - ring of Haheof {rElec MR+ Int+4 Dex+2 Stlth+}

@: no status effects
A: hooves 1
a: Renounce Religion, Evoke Blink


You were in the Dungeon.
You worshipped Makhleb.
Makhleb was noncommittal.
You were not hungry.

You visited 1 branch You collected 200 gold pieces.
You spent 135 gold pieces at shops.

Inventory:

Hand Weapons
 a - a +0 trident (weapon)
Armour
 b - a +0 scale mail (worn)
 c - a +0 shield (worn)
Jewellery
 p - the amulet "Ynayr" (around neck) {Faith *Drain +Blink rC+++ Str-4}
   (You bought it in a shop in the Dungeon)

   [amulet of faith]

   It allows you to gain divine favour quickly.
   It affects your strength (-4).
   It renders you almost immune to cold.
   It lets you blink.
   It causes draining when unequipped.
 q - the ring of the Open Hand (right hand) {rElec AC+1 Str+5 Dex+4}
   (You bought it in a shop in the Dungeon)

   [ring of protection]

   It affects your AC (+1).
   It affects your strength (+5).
   It affects your dexterity (+4).
   It insulates you from electricity.
 r - the ring of Haheof (left hand) {rElec MR+ Int+4 Dex+2 Stlth+}
   (You bought it in a shop in the Dungeon)

   [ring of protection from magic]

   It affects your intelligence (+4).
   It affects your dexterity (+2).
   It insulates you from electricity.
   It affects your resistance to hostile enchantments.
   It makes you more stealthy.
Wands
 l - a wand of acid (5/15)
   (You found it in the Dungeon)
 m - a wand of iceblast (5/15)
   (You found it in the Dungeon)
Scrolls
 k - 4 scrolls of blinking {!r}
 n - 3 scrolls of fog
Potions
 d - a potion of might
 e - a potion of curing
 g - 4 potions of heal wounds
 h - 4 potions of haste
 i - 2 potions of magic
 j - a potion of berserk rage {!q}
 o - 2 potions of resistance
Comestibles
 f - a bread ration {@e1}


   Skills:
 + Level 3.6 Fighting
 + Level 2.4 Polearms
 + Level 3.2 Armour
 + Level 1.1 Dodging
 + Level 3.1 Shields


You had one spell level left.
You didn't know any spells.

Dungeon Overview and Level Annotations

Branches:
Dungeon (1/1)

Altars:
Cheibriados
Dithmenos
Fedhas
Gozag
Kikubaaqudgha
Makhleb
Okawaru
Qazlal
Ru
Sif Muna
Trog
Uskayaw
Vehumet
Xom
Yredelemnul
Zin
The Shining One
Beogh
Jiyva
Lugonu

Shops:
D *[%??*?*:[((!!!!


Innate Abilities, Weirdness & Mutations

You have large cloven feet.


Message History

You puncture the goblin!
You kill the goblin!
Your Polearms skill increases to level 2!
An adder comes into view.
Found a radiant altar of Vehumet.
Found Pyasy's Magic Scroll Shop.
Attack whom?
Aim: an adder You reach to attack!
Your scale mail prevents you from hitting the adder.
You block the adder's attack.
You hit the adder but do no damage. The adder bites you but does no damage.
You barely miss the adder. You block the adder's attack.
The adder closely misses you.
You closely miss the adder. The adder bites you but does no damage.
You block the adder's attack.
Your shield and scale mail prevent you from hitting the adder.
The adder bites you but does no damage.
You closely miss the adder. You block the adder's attack.
The adder bites you but does no damage.
You closely miss the adder. You block the adder's attack.
You puncture the adder!
You kill the adder!
Your Armour skill increases to level 3!
Your Dodging skill increases to level 1!
Your Shields skill increases to level 3!
You have reached level 2!
You feel monstrous as your demonic heritage exerts itself.
Your demonic ancestry asserts itself...
Your feet thicken and deform.
Health restored: 24; MP restored: 2
Found three shops.
Found a hide-covered altar of Uskayaw and a blossoming altar of Fedhas.
Found an ancient bone altar of Kikubaaqudgha.
Found a glowing golden altar of the Shining One.
Found an iron altar of Okawaru.
Found Goibionn's Distillery and Huzu's Do-It-Yourself Clinic.
Found three altars.
Found Buocoecu's Distillery and Zocived's Bottled Wisdom.
Found a basalt altar of Yredelemnul.
Found a bloodstained altar of Trog.
Found a burning altar of Makhleb.
Found Lana's Weapon Rack.
Found three shops.
Found three altars.
There is a burning altar of Makhleb here.
You kneel at the altar of Makhleb.
Makhleb welcomes you!
There is an entrance to Lana's Weapon Rack here.
There is an entrance to Ulef's Basic Armour here.
There is an entrance to Gurenkei's Miscellaneous Merchandise here.
There is an entrance to Josmurph's Premium Goods here.
There is a viscous altar of Jiyva here.
There is a snail-covered altar of Cheibriados here.
There is a corrupted altar of Lugonu here.
There is an entrance to Oczuul's Identification Station here.
There is an entrance to Bise's Advanced Armour here.
There is an entrance to Ypnop's Jewellery here.
p - a sparkling silver amulet;
q - a slimy wooden ring
r - a brightly glowing steel ring Thank you for shopping at Ypnop's Jewellery!
Put on which piece of jewellery? (? for menu, Esc to quit)
You feel a surge of divine interest.
You feel weaker.
p - the amulet "Ynayr" (around neck) {Faith *Drain +Blink rC+++ Str-4} Put on which piece of jewellery? (? for menu, Esc to quit)
You feel clever.
You feel agile.
r - the ring of Haheof (left hand) {rElec MR+ Int+4 Dex+2 Stlth+} Put on which piece of jewellery? (? for menu, Esc to quit)
You feel stronger.
You feel agile.
q - the ring of the Open Hand (right hand) {rElec AC+1 Str+5 Dex+4}
There is a stormy altar of Qazlal here.
There is a radiant altar of Vehumet here.
There is an entrance to Pyasy's Magic Scroll Shop here.
There is an entrance to Gor Aneps's Magic Scroll Shop here.
There is an entrance to Wimovai's Must-Have Magic here.
There is an entrance to Gennu's Staff Store here.
There is a blossoming altar of Fedhas here.
There is a hide-covered altar of Uskayaw here.
There is an entrance to Goibionn's Distillery here.
There is an entrance to Buocoecu's Distillery here. 50...
An iguana comes into view.
The iguana hisses angrily.
The iguana moves out of view.
No target in view!
Attack whom?
Aim: an iguana You reach to attack!
You hit the iguana but do no damage. You hit the iguana. The iguana bites you!
You take 8 damage, and have 16/24 hp.
MASSIVE DAMAGE!!
Your shield prevents you from hitting the iguana.
You kick the iguana, but do no damage.
The iguana bites you but does no damage. x2
You hit the iguana. Your kick misses the iguana. The iguana bites you!
You take 7 damage, and have 9/24 hp.
MASSIVE DAMAGE!!
You hit the iguana but do no damage. Your kick misses the iguana.
The iguana bites you!
You die...

#_......._# #_......._#
#.........#
###.........###
#⌠...........⌠#
#.8.........8.######
......###......___∩##
....8.# #.8....l...∩###
......###.......@.....##
...###...###..........⌠#
...# #.<.# #..........⌠#
...###...###..........⌠#
......###.............##
....8.# #.8........∩###
......###......___∩##
#.8.........8.######
#⌠...........⌠#


You could see an iguana.

Vanquished Creatures
  An adder (D)
  A goblin (D)
2 creatures vanquished.

Notes
Turn   | Place    | Note
-------+----------+-------------------------------------------
     0 | D        | esc the Demonspawn Fighter began the quest for the Orb.
     0 | D        | Reached XP level 1. HP: 18/18 MP: 1/1
     2 | D        | Found a shadowy altar of Dithmenos.
     2 | D        | Found a stormy altar of Qazlal.
     3 | D        | Found a corrupted altar of Lugonu.
     4 | D        | Found Senitine's Bee Food.
     4 | D        | Found a viscous altar of Jiyva.
     4 | D        | Found a snail-covered altar of Cheibriados.
     4 | D        | Found Oczuul's Identification Station.
     5 | D        | Found Ypnop's Jewellery.
     5 | D        | Found Bise's Advanced Armour.
     5 | D        | Round 1.
    11 | D        | Reached skill level 2 in Polearms
    13 | D        | Found a radiant altar of Vehumet.
    14 | D        | Found Pyasy's Magic Scroll Shop.
    23 | D        | Reached skill level 3 in Armour
    23 | D        | Reached skill level 1 in Dodging
    23 | D        | Reached skill level 3 in Shields
    23 | D        | Gained mutation: You have large cloven feet. [demonic ancestry]
    23 | D        | Reached XP level 2. HP: 24/24 MP: 2/2
    24 | D        | Found a hide-covered altar of Uskayaw.
    24 | D        | Found a blossoming altar of Fedhas.
    24 | D        | Found Gennu's Staff Store.
    24 | D        | Found Gor Aneps's Magic Scroll Shop.
    24 | D        | Found Wimovai's Must-Have Magic.
    28 | D        | Found an ancient bone altar of Kikubaaqudgha.
    29 | D        | Found a glowing golden altar of the Shining One.
    30 | D        | Found an iron altar of Okawaru.
    31 | D        | Found Goibionn's Distillery.
    31 | D        | Found a roughly hewn altar of Beogh.
    31 | D        | Found a glowing silver altar of Zin.
    31 | D        | Found a sacrificial altar of Ru.
    31 | D        | Found Huzu's Do-It-Yourself Clinic.
    32 | D        | Found Buocoecu's Distillery.
    32 | D        | Found Zocived's Bottled Wisdom.
    35 | D        | Found a basalt altar of Yredelemnul.
    36 | D        | Found a bloodstained altar of Trog.
    37 | D        | Found a burning altar of Makhleb.
    38 | D        | Found Lana's Weapon Rack.
    39 | D        | Found an opulent altar of Gozag.
    39 | D        | Found a deep blue altar of Sif Muna.
    39 | D        | Found a shimmering altar of Xom.
    39 | D        | Found Josmurph's Premium Goods.
    39 | D        | Found Ulef's Basic Armour.
    39 | D        | Found Gurenkei's Miscellaneous Merchandise.
    45 | D        | Became a worshipper of Makhleb the Destroyer
    73 | D        | Bought a sparkling silver amulet for 45 gold pieces
    73 | D        | Bought a slimy wooden ring for 45 gold pieces
    73 | D        | Bought a brightly glowing steel ring for 45 gold pieces
    73 | D        | Identified the amulet "Ynayr" {Faith *Drain +Blink rC+++ Str-4} (You bought it in a shop in the Dungeon)
    74 | D        | Identified the ring of Haheof {rElec MR+ Int+4 Dex+2 Stlth+} (You bought it in a shop in the Dungeon)
    75 | D        | Identified the ring of the Open Hand {rElec AC+1 Str+5 Dex+4} (You bought it in a shop in the Dungeon)
   118 | D        | Slain by an iguana

Vault maps used:
D:        arena_sprint

Skill      XL: |  1 |
---------------+----+-----
Polearms       | 2 |  2.4
Armour         | 3 |  3.2
Dodging        | 1 |  1.1
Shields        | 3 |  3.1
Fighting       | |  3.6

Action                   || total
-------------------------++-------
Melee: Trident           ||    14
       Kick              ||     1
Armor: Scale mail        ||     6
Dodge: Dodged            ||     1
Block: Shield            ||     5

Vault maps used:
D:        arena_sprint

Table legend:
 A = Turns spent in this place as a percentage of turns spent in the entire game.
 B = Non-inter-level travel turns spent in this place as a percentage of non-inter-level travel turns spent in the entire game.
 C = Inter-level travel turns spent in this place as a percentage of turns spent in this place.
 D = Turns resting spent in this place as a percentage of non-inter-level travel turns spent in this place.
 E = Turns spent auto-exploring this place as a percentage of non-inter-level travel turns spent in this place.
 F = Non-inter-level travel turns spent in this place divided by the number of levels of this place that you've seen.
                   A       B       C       D       E      F
               +-------+-------+-------+-------+-------+----------------------
         Total | 100.0 | 100.0 |   0.0 |   0.0 |   0.7 | 138.0
       Dungeon | 100.0 | 100.0 |   0.0 |   0.0 |   0.7 | 138.0
               +-------+-------+-------+-------+-------+----------------------

Table legend:
 A = Kills in this place as a percentage of kills in entire the game.
 B = Kills by you in this place as a percentage of kills by you in the entire game.
 C = Kills by friends in this place as a percentage of kills by friends in the entire game.
 D = Other kills in this place as a percentage of other kills in the entire game.
 E = Experience gained in this place as a percentage of experience gained in the entire game.
 F = Experience gained in this place divided by the number of levels of this place that you have seen.
                   A       B       C       D       E      F
               +-------+-------+-------+-------+-------+----------------------
         Total | 100.0 | 100.0 |  -nan |  -nan | 100.0 |  15.0
       Dungeon | 100.0 | 100.0 |  -nan |  -nan | 100.0 |  15.0
               +-------+-------+-------+-------+-------+----------------------
